 Dungeon Crawl Stone Soup version 0.29-a0-1047-g7c58e119a4 (webtiles) character file.

Game seed: 16748606697013276265

1372 ytrimaz the Insei (level 8, -7/54 HPs)
             Began as a Demonspawn Transmuter on Aug 16, 2022.
             Killed by divine providence
             ... invoked by an orc priest
              (9 damage)
             ... on level 6 of the Dungeon.
             The game lasted 00:07:37 (7635 turns).

ytrimaz the Insei (Demonspawn Transmuter)           Turns: 7635, Time: 00:07:38

Health: -7/54      AC:  6    Str: 11    XL:     8   Next: 38%
Magic:  8/11       EV: 20    Int: 16    God:
Gold:   196        SH:  0    Dex: 19    Spells: 5/11 levels left

rFire   . . .      SeeInvis .     - Unarmed
rCold   . . .      Faith    .   (shield currently unavailable)
rNeg    . . .      Spirit   .   (body armour currently unavailable)
rPois   x          Reflect  .   (helmet currently unavailable)
rElec   .          Harm     .   (cloak currently unavailable)
rCorr   .          Rampage  .   (gloves currently unavailable)
Will    .....                   (boots currently unavailable)
Stlth   ++........              (no amulet)
HPRegen 0.18/turn               h - +4 ring of protection
MPRegen 0.12/turn               (no ring)

@: spider-form, wereblooded
A: venomous fangs, tiny, (hooves 1), (horns 1), demonic guardian 1, powered by
death 1, (weakness stinger 2)
a: End Transformation


You were on level 6 of the Dungeon.
You were a venomous arachnid creature.
You visited 1 branch of the dungeon, and saw 6 of its levels.

You collected 196 gold pieces.

Inventory:

Missiles
 f - a throwing net
Armour
 a - a +1 robe (melded)
 n - a +1 hat (melded)
Jewellery
 h - a +4 ring of protection (left front leg)
 k - a ring of ice
Wands
 l - a wand of polymorph (7)
 o - a wand of flame (5)
Scrolls
 b - a scroll of blinking
 d - 4 scrolls of fear
 m - 2 scrolls of teleportation
 p - a scroll of silence
Potions
 c - a potion of might
 e - 2 potions of curing
 g - a potion of flight
 j - 2 potions of haste


   Skills:
 - Level 1.0 Fighting
 - Level 2.3 Dodging
 + Level 6.8 Unarmed Combat
 - Level 2.0 Spellcasting
 * Level 6.1 Transmutations
 * Level 3.5 Poison Magic


You had 5 spell levels left.
You knew the following spells:

 Your Spells              Type           Power      Damage    Failure   Level
a - Beastly Appendage     Tmut           42%        N/A       7%          1
b - Wereblood             Tmut           21%        N/A       10%         2
c - Spider Form           Tmut/Pois      17%        N/A       22%         3

Your spell library contained the following spells:

 Spells                   Type           Power      Damage    Failure   Level
 Stone Arrow              Conj/Erth      2%         3d7       73%         3
 Summon Guardian Golem    Hex/Summ       1%         N/A       73%         3
 Ice Form                 Ice/Tmut       11%        N/A       73%         4
 Animate Armour           Summ/Erth      2%         N/A       97%         4
 Orb of Destruction       Conj           0%         9d5       100%        7
 Spellforged Servitor     Conj/Summ      0%         N/A       100%        7
 Lehudib's Crystal Spear  Conj/Erth      0%         10d2      100%        8


Dungeon Overview and Level Annotations

Branches:
Dungeon (6/15)
 Temple: D:4-7

Altars:
Trog

Shops:
D:2 [


Innate Abilities, Weirdness & Mutations

You are a venomous arachnid creature.
You have poisonous fangs.
You are tiny and dextrous.
Your spellcasting is less reliable in this form.
Your armour is entirely melded.
You are incapable of wielding weapons or throwing items.
((You have large cloven feet.))
((You have a pair of small horns on your head.))
A weak demonic guardian rushes to your aid.
You regenerate a little health from kills.
((You have a tail ending in a sharp stinger.))


Message History

The orc shouts!
A gnoll sergeant comes into view. It is wielding a +0 spear.
An orc priest comes into view. It is wielding a +0 whip.
You see here a hound corpse.
The orc priest looks braver for a moment.
The gnoll sergeant closely misses you.
You hear a shout!
You hiss as the wereblood boils in your veins!
The orc shouts!
You hear a shout! x2
The orc priest calls down the wrath of Beogh upon you.
Beogh smites you!
A demonic guardian appears!
The gnoll sergeant hits you with a +0 spear.
An orc comes into view. It is wielding a +0 hand axe.
You hit the gnoll sergeant.
The gnoll sergeant is poisoned.
The gnoll sergeant is lightly wounded.
The orc misses you.
The orc priest looks satisfied for a moment.
The gnoll sergeant hits you but does no damage.
You barely miss the gnoll sergeant.
The gnoll sergeant is lightly wounded.
Your shadow imp closely misses the orc.
The gnoll sergeant hits you with a +0 spear!
The orc hits you but does no damage.
You bite the gnoll sergeant!
The gnoll sergeant looks as sick as possible!
The gnoll sergeant is heavily wounded.
You hiss as the wereblood boils in your veins!
You hear a shout!
Your shadow imp barely misses the orc.
An acid dragon comes into view.
The orc priest mumbles some strange prayers to Beogh against you.
Beogh smites you!
* * * LOW HITPOINT WARNING * * *
The gnoll sergeant hits you with a +0 spear.
* * * LOW HITPOINT WARNING * * *
The orc misses you.
Your shadow imp barely misses the orc.
The orc priest calls down the wrath of Beogh upon you.
Beogh smites you!
You die...

.........###.>.....
..........#...........
...................o..
...........#.#.....o#
###......###.#......# .
#.##.....##.......<.# o..
......).)..#.###..5.#....
......###....##..o......#
..#.(.#........†s.g......
####<.#.........#........
.##..##.......###........
.#..##..##....#..........
........##............##.
.....#.......###......#
.....#..#.##..##.#D..#.#
..........#...##. ..#.##
...#.##..##...#


You could see an acid dragon, a gnoll sergeant (extremely poisoned), an orc
priest, 2 orcs and a friendly shadow imp (summoned).

Vanquished Creatures
  Maggie (D:6)
  Sigmund (D:5)
  A steam dragon (D:6)
  An ogre (D:5)
  A gnoll sergeant (D:6)
  A scorpion (D:4)
  7 hounds
  A jelly (D:5)
  2 iguanas (D:5)
  Ijyb (D:5)
  An orc wizard (D:4)
  12 gnolls
  3 adders
  A shadow imp (D:6)
  A white imp (D:6)
  6 worms
  4 dart slugs
  4 orcs
  5 endoplasms
  4 giant cockroaches
  4 hobgoblins
  4 kobolds
  5 quokkas
  7 ball pythons
  3 bats
  5 frilled lizards
  9 goblins
  5 rats
100 creatures vanquished.

Vanquished Creatures (collateral kills)
  2 orcs (D:3)
  A ball python (D:1)
  A frilled lizard (D:1)
  A kobold (D:3)
  A rat (D:1)
6 creatures vanquished.

Grand Total: 106 creatures vanquished

Notes
Turn   | Place    | Note
-------+----------+-------------------------------------------
     0 | D:1      | ytrimaz the Demonspawn Transmuter began the quest for the
                  | Orb.
     0 | D:1      | Reached XP level 1. HP: 15/15 MP: 3/3
   347 | D:1      | Gained mutation: A weak demonic guardian rushes to your
                  | aid. [demonic ancestry]
   347 | D:1      | Reached XP level 2. HP: 8/21 MP: 3/5
   609 | D:1      | Found a faded altar of an unknown god.
   900 | D:1      | Learned a level 2 spell: Wereblood
  1619 | D:1      | Reached XP level 3. HP: 17/26 MP: 6/6
  1623 | D:1      | Learned a level 3 spell: Spider Form
  1935 | D:2      | Found Asikuilu's Armour Emporium.
  3125 | D:3      | HP: 1/26 [orc/+0 flail (8)]
  3518 | D:3      | Gained mutation: You regenerate a little health from kills.
                  | [demonic ancestry]
  3518 | D:3      | Reached XP level 4. HP: 32/32 MP: 7/7
  3972 | D:4      | Noticed a scorpion
  3986 | D:4      | Killed a scorpion
  3987 | D:4      | Discovered your monstrous ancestry.
  3987 | D:4      | Lost mutation: You have razor-sharp toenails. [demonic
                  | ancestry]
  3987 | D:4      | Lost mutation: You have sharp toenails. [demonic ancestry]
  3987 | D:4      | Gained mutation: You have large cloven feet. [demonic
                  | ancestry]
  3987 | D:4      | Reached XP level 5. HP: 14/37 MP: 6/8
  4208 | D:4      | Reached skill level 1 in Poison Magic
  4743 | D:4      | Found a bloodstained altar of Trog.
  5142 | D:5      | Entered Level 5 of the Dungeon
  5164 | D:5      | Noticed an ogre
  5174 | D:5      | Killed an ogre
  5175 | D:5      | Gained mutation: You have a small tail. [demonic ancestry]
  5175 | D:5      | Reached XP level 6. HP: 18/43 MP: 2/9
  5376 | D:5      | Noticed Ijyb
  5411 | D:5      | Killed Ijyb
  6162 | D:5      | Reached skill level 5 in Unarmed Combat
  6324 | D:5      | Noticed Sigmund
  6332 | D:5      | Gained mutation: You have a pair of small horns on your
                  | head. [demonic ancestry]
  6332 | D:5      | Reached XP level 7. HP: 41/48 MP: 6/10
  6342 | D:5      | Killed Sigmund
  6343 | D:5      | Reached skill level 5 in Transmutations
  6843 | D:6      | Noticed a steam dragon
  7260 | D:6      | Noticed Maggie
  7280 | D:6      | Killed Maggie
  7281 | D:6      | Gained mutation: You have a tail ending in a sharp stinger.
                  | [demonic ancestry]
  7281 | D:6      | Reached XP level 8. HP: 23/54 MP: 6/11
  7634 | D:6      | HP: 2/54 [gnoll sergeant/+0 spear (6)]
  7635 | D:6      | Killed from afar by an orc priest

Illustrated notes

Levels and vault maps discovered:
D:1:      sevenhm_arrival_forest_fort_large_2, layout_basic,
          hellmonk_ecumenical_altar_leap_of_faith, minmay_bisected
D:2:      layout_rooms, serial_shops, nicolae_shop_trees, serial_rivers,
          chequers_serial_rivers_large_a, chequers_serial_rivers_marsh,
          chequers_serial_rivers_micro_a, chequers_serial_rivers_micro_a
D:3:      layout_basic
D:4:      layout_loops_corners, nicolae_overflow_hidden_temple,
          marbit_many_paths, enter_ossuary_3
D:5:      layout_cave_pods, nicolae_wormholes, uniq_ijyb, uniq_sigmund
D:6:      layout_cave_pools, mainiacjoe_overflow_tiny_flanked,
          mainiacjoe_overflow_concentric_impassable, ebering_ghost_xom,
          hangedman_decor_points, minmay_manual_mess, uniq_maggie

Skill      XL: |  1  2  3  4  5  6  7  8 |
---------------+-------------------------+-----
Unarmed Combat | 3 4 5 6 |  6.8
Transmutations | 2 3 4 5 6 |  6.1
Dodging        | 2 |  2.3
Poison Magic   | 1 2 3 |  3.5
Fighting       | |  1.0
Spellcasting   | |  2.0

Action                   |  1- 3 |  4- 6 |  7- 9 || total
-------------------------+-------+-------+-------++-------
Melee: Unarmed           |   156 |   146 |    84 ||   386
       Kick              |    14 |    31 |     5 ||    50
       Headbutt          |     2 |    19 |     7 ||    28
       Tailslap          |       |     7 |     3 ||    10
       Punch             |       |       |     1 ||     1
 Cast: Beastly Appendage |    16 |    25 |     2 ||    43
       Wereblood         |     2 |     1 |     2 ||     5
       Spider Form       |       |     1 |     7 ||     8
  Use: Potion            |     2 |     1 |     1 ||     4
       Scroll            |    10 |     3 |     2 ||    15
 Stab: Sleeping          |     1 |     2 |       ||     3
       Distracted        |       |     2 |     1 ||     3
Armor: Skin              |    18 |     1 |    16 ||    35
       Robe              |    39 |    43 |     9 ||    91
Dodge: Dodged            |   104 |    82 |    82 ||   268

Table legend: (Time is in decaauts)
 A = Elapsed time spent in this place.
 B = Non-inter-level travel time spent in this place.
 C = Inter-level travel time spent in this place.
 D = Time resting spent in this place.
 E = Time spent auto-exploring this place.
 F = Levels seen in this place.
 G = Mean time per level.
                   A        B        C        D        E       F      G
               +--------+--------+--------+--------+--------+-----+--------+
         Total |   7610 |   7378 |    232 |    674 |   5675 |   6 | 1268.3 |
       Dungeon |   7610 |   7378 |    232 |    674 |   5675 |   6 | 1268.3 |
               +--------+--------+--------+--------+--------+-----+--------+

Top non-repeatable levels by time:
     D:5: 1913 daAuts
     D:1: 1852 daAuts
     D:4: 1225 daAuts
     D:2: 1163 daAuts
     D:3: 893 daAuts
     D:6: 561 daAuts
